Map: Undercurrent LE

Players

Nyck - Winner!

  • Race: Terran Terran
  • Spawn Location: 3:00

Ekelpack - Winner!

  • Race: Zerg Zerg
  • Spawn Location: 1:00

TERMOMIX

  • Race: Protoss Protoss
  • League: Platinum
  • Spawn Location: 7:00

psHiKicK

  • Race: Terran Terran
  • Spawn Location: 7:00

VOD

Have the link to the VOD?

Description

Time

  • Played on: Nov. 27, 2024, 2:29 p.m.
  • Length: 15:12
Show
View Real Time Build Order
Export as new Build Order

Nyck Terran - Winner!

Build Orders: Command Center First 

Get SALT Encoding   

  12  0:00  SCV  
  13  0:12  SCV  
  14  0:20  Supply Depot  
  14  0:24  SCV  
  15  0:42  SCV  
  16  0:54  SCV  
  17  1:07  Command Center  
  17  1:11  SCV  
  18  1:23  Barracks  
  18  1:28  SCV  
  18  1:32  Refinery  
  19  1:37  Barracks  
  19  1:42  SCV  
  20  1:59  SCV  
  21  2:11  Supply Depot, Marine  
  22  2:17  Orbital Command, Refinery  
  22  2:24  Orbital Command  
  22  2:37  Marine x2  
  22  2:44  Barracks  
  24  2:48  SCV  
  25  2:53  SCV  
  26  3:00  Barracks Reactor  
  26  3:01  Barracks Tech Lab  
  26  3:04  SCV  
  27  3:08  SCV  
  28  3:14  Factory  
  28  3:16  SCV  
  29  3:20  SCV  
  29  3:25  Refinery  
  30  3:28  Combat Shield, SCV  
  30  3:32  SCV  
  30  3:33  Barracks Reactor  
  32  3:39  Marine x2  
  32  3:40  SCV  
  35  3:44  SCV  
  35  3:47  Supply Depot  
  36  3:52  SCV  
  37  3:56  SCV  
  37  3:58  Marine x2  
  37  4:00  Marauder  
  42  4:04  SCV  
  42  4:06  Starport  
  42  4:08  SCV, Factory Reactor  
  44  4:15  Marine  
  44  4:16  Marine x3  
  48  4:18  SCV  
  48  4:20  SCV  
  50  4:29  Marauder  
  50  4:30  SCV  
  53  4:33  SCV  
  49  4:40  Marine  
  49  4:41  Marine x3  
  48  4:50  Marine  
  38  5:27  SCV x2  
  38  5:28  Marine x3  
  40  5:29  Marauder  
  45  5:39  SCV x2  
  45  5:42  Medivac x2  
  51  5:46  Marine x2  
  51  5:47  Marine  
  54  5:53  Supply Depot  
  54  6:00  Refinery  
  54  6:07  Stimpack  
  54  6:14  Marauder, Medivac x2, Marine, SCV  
  54  6:15  Supply Depot  
  62  6:37  SCV x2  
  62  6:39  Supply Depot  
  64  6:47  Marine  
  64  6:48  Marine x3  
  64  6:49  SCV x2  
  70  7:01  SCV x2  
  70  7:38  Marine  
  70  7:39  Marine x4  
  75  7:56  Marine  
  76  8:03  Marine  
  76  8:05  SCV  
  78  8:13  Command Center  
  78  8:18  Supply Depot  
  78  8:37  Engineering Bay  
  78  8:39  Medivac x2, SCV x2  
  84  8:41  Supply Depot, Engineering Bay  
  84  8:48  Marine  
  84  8:49  Marine  
  86  9:03  SCV x2  
  86  9:05  Supply Depot  
  88  9:15  SCV x2  
  90  9:27  SCV  
  90  9:28  Supply Depot, Terran Infantry Weapons Level 1  
  90  9:29  Terran Infantry Armor Level 1  
  91  9:36  Command Center  
  91  9:38  Marine x4  
  92  9:40  Marauder  
  97  9:46  Armory  
  97  9:49  SCV x2  
  97  9:52  Supply Depot  
  99  9:54  Medivac x2  
  99  9:56  Marine x2  
  99  9:59  Marine  
  106  10:00  Marine  
  106  10:03  Marine  
  106  10:06  SCV x2  
  110  10:12  Barracks, SCV  
  111  10:16  Supply Depot  
  111  10:18  SCV x2  
  113  10:24  Orbital Command  
  113  10:25  Marine x4  
  113  10:26  Marine  
  118  10:30  Liberator, SCV x2  
  118  10:31  Liberator  
  126  10:38  Terran Vehicle And Ship Armor Level 1  
  126  10:41  Supply Depot  
  127  10:42  SCV  
  127  10:43  SCV  
  128  10:52  Command Center  
  128  11:00  Barracks Reactor  
  128  11:06  Barracks  
  128  11:11  Marine x4  
  129  11:12  Marine  
  129  11:13  Liberator  
  129  11:14  Liberator  
  139  11:23  Terran Infantry Armor Level 2, Terran Infantry Weapons Level 2  
  139  11:28  SCV x3  
  139  11:29  Marine  
  139  11:31  Orbital Command  
  143  11:40  SCV x3  
  143  11:41  Refinery x2  
  146  11:48  Marine x4  
  146  11:49  Marine x2  
  146  11:50  Marine  
  146  11:52  SCV x3  
  156  11:56  Liberator  
  156  11:57  Liberator  
  156  11:59  Barracks Reactor  
  162  12:09  SCV x3  
  162  12:10  SCV  
  166  12:15  Refinery  
  166  12:19  Marine x4  
  166  12:20  Refinery, Marine x2  
  166  12:21  Marine  
  173  12:39  Liberator  
  173  12:40  Liberator  
  179  12:48  Supply Depot  
  179  12:54  Terran Vehicle And Ship Armor Level 2  
  179  13:02  Orbital Command  
  179  13:10  Marine x6, SCV x2  
  179  13:11  Supply Depot  
  187  13:17  Supply Depot  
  187  13:33  Marine x3, SCV x4  
  194  13:35  Supply Depot  
  194  13:45  Marine x6  
  200  13:58  Supply Depot  
Show
View Real Time Build Order
Export as new Build Order

Ekelpack Zerg - Winner!

Build Orders: Hatch First 

Get SALT Encoding   

  12  0:00  Drone  
  13  0:12  Overlord  
  13  0:18  Drone  
  14  0:31  Drone  
  15  0:46  Drone  
  15  0:47  Hatchery  
  15  1:02  Spawning Pool  
  14  1:05  Drone  
  14  1:08  Extractor  
  14  1:11  Drone  
  15  1:15  Drone  
  16  1:19  Drone  
  17  1:27  Drone  
  18  1:37  Drone  
  19  1:48  Queen  
  21  1:58  Queen  
  23  2:03  Drone  
  23  2:08  Drone  
  25  2:12  Drone  
  26  2:17  Overlord  
  26  2:21  Drone  
  27  2:25  Drone  
  28  2:31  Lair  
  28  2:38  Zergling x2  
  28  2:41  Drone  
  28  2:42  Drone  
  28  2:43  Drone  
  32  2:48  Overlord  
  32  2:53  Drone, Extractor  
  32  3:02  Drone x3  
  32  3:03  Drone  
  36  3:08  Overlord  
  36  3:11  Drone  
  36  3:12  Drone, Extractor  
  37  3:24  Drone x3  
  40  3:27  Extractor  
  40  3:33  Spire  
  38  3:36  Drone  
  38  3:41  Metabolic Boost  
  39  3:44  Drone x3  
  42  3:55  Overlord  
  42  3:58  Drone x4  
  45  4:07  Zergling x2  
  45  4:08  Zergling x10  
  51  4:17  Spine Crawler  
  51  4:18  Drone  
  50  4:44  Overseer  
  45  4:54  Mutalisk x6  
  45  4:56  Queen  
  53  5:13  Mutalisk  
  53  5:15  Zergling x6  
  58  5:40  Zerg Flyer Weapons Level 1  
  58  5:43  Drone x2  
  58  5:44  Overlord x2  
  60  6:02  Hatchery  
  59  6:06  Mutalisk x3  
  59  6:10  Mutalisk  
  67  6:23  Mutalisk  
  69  6:47  Drone x3  
  69  6:48  Drone x3, Overlord x4  
  71  7:13  Mutalisk x5  
  75  7:34  Mutalisk x3  
  75  7:35  Zergling x6  
  84  7:46  Queen, Extractor x2  
  84  7:52  Drone, Zerg Flyer Weapons Level 2  
  85  8:03  Pneumatized Carapace  
  85  8:06  Drone x3  
  85  8:07  Drone x5  
  93  8:18  Infestation Pit  
  92  8:21  Overseer  
  92  8:28  Drone x2  
  92  8:29  Drone x2  
  92  8:34  Mutalisk x3  
  102  8:51  Overlord  
  102  8:54  Hatchery  
  101  9:04  Mutalisk  
  101  9:05  Mutalisk x4  
  101  9:06  Overlord x2, Zergling x2  
  110  9:38  Mutalisk x4  
  110  9:39  Mutalisk  
  110  9:40  Zergling x10  
  110  9:41  Zergling x6  
  110  9:42  Overlord  
  128  9:58  Overlord x3  
  128  10:02  Drone x2  
  128  10:06  Hive  
  130  10:09  Zerg Flyer Armor Level 1  
  130  10:14  Drone x6  
  136  10:21  Drone  
  136  10:22  Drone  
  138  10:37  Drone x6  
  138  10:38  Drone  
  138  10:41  Extractor  
  144  10:43  Extractor  
  144  10:46  Overlord x3  
  143  11:02  Overlord x2  
  143  11:03  Mutalisk x7  
  143  11:04  Mutalisk x2  
  153  11:38  Mutalisk x3  
  153  11:39  Mutalisk x3  
  163  11:40  Zergling x12  
  163  11:41  Zergling x8  
  173  11:57  Adrenal Glands  
  173  12:02  Evolution Chamber  
  173  12:03  Zerg Flyer Weapons Level 3  
  173  12:04  Evolution Chamber  
  167  12:20  Zergling x2  
  167  12:21  Zergling x12  
  167  12:22  Zergling x12  
  180  12:23  Zergling x10  
  180  12:29  Queen  
  153  12:38  Zerg Melee Weapons Level 1  
  153  12:39  Zerg Ground Armor Level 1  
  153  13:07  Hatchery  
  152  13:30  Ultralisk Cavern  
  151  13:35  Zergling x8  
  151  13:36  Zergling x12  
  151  13:37  Zergling x12  
  151  13:38  Zergling x8  
  171  13:58  Zergling x8  
  171  13:59  Zergling x12  
  152  14:54  Zergling x2  
  152  14:55  Zergling x10  
Show
View Real Time Build Order
Export as new Build Order

TERMOMIX Protoss 

Build Orders: Dark Templar Rush 

Get SALT Encoding   

  12  0:01  Probe  
  13  0:13  Probe  
  14  0:20  Pylon  
  14  0:30  Probe  
  15  0:40  Gateway  
  15  0:41  Probe  
  16  0:47  Assimilator  
  16  0:49  Probe  
  17  0:57  Assimilator  
  17  0:59  Probe  
  18  1:19  Probe  
  19  1:28  Cybernetics Core  
  19  1:31  Pylon  
  18  1:42  Probe  
  19  1:54  Probe  
  20  2:01  Stalker  
  22  2:11  Twilight Council  
  22  2:18  Robotics Facility  
  22  2:20  Warp Gate  
  22  2:26  Shield Battery  
  22  2:47  Gateway  
  22  2:55  Dark Shrine  
  22  3:04  Pylon  
  22  3:10  Warp Prism  
  24  3:22  Shield Battery  
  24  4:03  Nexus  
  24  4:22  Dark Templar x2  
  28  4:40  Probe  
  29  4:52  Probe  
  30  4:55  Dark Templar  
  30  4:57  Dark Templar  
  24  5:33  Stalker  
  24  5:34  Forge  
  26  5:39  Pylon  
  26  5:42  Pylon  
  26  5:43  Stalker  
  26  5:44  Assimilator  
  26  5:46  Observer  
  26  5:48  Assimilator  
  29  5:59  Stargate  
  29  6:09  Photon Cannon  
  29  6:18  Photon Cannon  
  29  6:20  Probe  
  29  6:21  Probe  
  31  6:37  Photon Cannon  
  31  6:40  Phoenix  
  31  6:52  Probe  
  34  7:07  Dark Templar  
  24  7:17  Phoenix  
  26  7:34  Phoenix  
  26  7:35  Stalker  
  26  8:01  Phoenix  
  26  8:08  Probe  
  27  8:20  Probe  
  28  8:45  Nexus  
  28  9:07  Phoenix  
  28  9:09  Probe  
  31  9:18  Pylon  
  31  9:21  Probe  
  26  9:33  Probe  
  27  9:42  Phoenix  
  29  9:51  Stargate  
  29  9:58  Pylon, Probe  
  29  10:02  Probe  
  29  10:07  Probe  
  31  10:10  Phoenix  
  35  10:14  Probe  
  35  10:16  Probe  
  36  10:26  Probe  
  36  10:35  Phoenix  
  34  10:37  Phoenix  
  34  10:38  Probe  
  34  10:42  Probe  
  38  10:48  Photon Cannon  
  38  11:02  Phoenix  
  40  11:25  Fleet Beacon  
  37  11:39  Phoenix x2  
  37  12:18  Phoenix  
  37  12:19  Phoenix  
  37  12:20  Probe x2  
  43  12:26  Anion Pulse-Crystals  
  43  12:31  Stargate  
  43  12:32  Probe x2  
  45  12:43  Protoss Air Weapons Level 1  
  45  12:44  Probe  
  46  12:45  Pylon  
  46  12:48  Pylon, Probe  
  47  12:56  Probe x2  
  47  12:58  Pylon  
  49  13:06  Probe  
  49  13:08  Probe  
  45  13:17  Probe  
  46  13:20  Probe  
  47  13:27  Photon Cannon  
  47  13:34  Probe  
  47  13:36  Probe  
  49  13:46  Phoenix  
  51  13:59  Dark Templar x2  
  54  14:10  Phoenix  
  46  14:36  Phoenix  
  46  14:37  Phoenix  
Show
View Real Time Build Order
Export as new Build Order

psHiKicK Terran 

Build Orders:  

Get SALT Encoding   

  12  0:00  SCV  
  13  0:12  SCV  
  14  0:18  Supply Depot  
  14  0:24  SCV  
  15  0:40  SCV  
  15  0:41  Barracks  
  16  0:47  Refinery  
  16  0:52  SCV  
  17  1:04  SCV  
  18  1:16  SCV  
  18  1:18  Barracks  
  19  1:21  Barracks  
  19  1:32  Barracks Tech Lab  
  19  1:34  Orbital Command  
  19  1:53  Marine  
  20  1:57  Refinery  
  20  2:01  SCV  
  21  2:08  Barracks Reactor  
  21  2:09  Barracks Reactor  
  21  2:13  SCV  
  22  2:16  Marine  
  23  2:42  Command Center  
  23  2:43  Engineering Bay  
  23  2:46  Stimpack  
  23  2:56  Supply Depot  
  23  3:06  Marine x5  
  28  3:17  SCV  
  29  3:23  Terran Infantry Weapons Level 1  
  29  3:24  Marine  
  30  3:31  Marine x2  
  30  3:33  SCV  
  33  3:40  Supply Depot  
  33  4:02  SCV  
  34  4:03  Factory  
  34  4:04  Orbital Command  
  34  4:10  Marine x2  
  34  4:16  Marine  
  37  4:18  SCV  
  38  4:25  Missile Turret  
  37  4:44  Marine  
  37  4:45  Combat Shield, Marine x4  
  37  4:48  Factory Reactor  
  36  4:54  Starport  
  36  4:58  SCV x2  
  38  5:02  Marine  
  39  5:08  Marine  
  39  5:09  Marine  
  39  5:10  Marine, SCV x2  
  39  5:13  Marine  
  45  5:18  Terran Infantry Armor Level 1  
  45  5:20  Marine  
  46  5:22  SCV  
  47  5:30  Marine x3  
  50  5:36  SCV  
  50  5:37  SCV  
  54  5:43  Medivac  
  54  5:44  Medivac  
  56  5:51  Marine x4  
  56  5:52  Marine  
  61  6:04  Concussive Shells  
  61  6:12  SCV  
  61  6:14  Refinery  
  61  6:17  Refinery  
  62  6:18  Missile Turret  
  62  6:19  Command Center  
  62  6:21  SCV  
  61  6:28  Refinery  
  61  6:31  Marine  
  62  6:34  Marine  
  62  6:52  Marine x3  
  62  6:53  Supply Depot x2, Marauder  
  67  6:54  Supply Depot  
  67  6:55  SCV x2  
  61  7:07  SCV x2  
  62  7:08  Marine  
  62  7:10  Marine x3  
  62  7:14  Marine  
  62  7:23  Medivac x2  
  62  7:26  Marine  
  62  7:28  Marine x3  
  67  7:31  Marine  
  64  7:42  Supply Depot  
  64  7:44  Marine  
  64  7:46  Marine x3  
  64  7:49  Marine  
  69  7:53  Medivac  
  69  7:58  Medivac  
  73  8:02  Marine  
  73  8:03  Marine x2  
  76  8:08  Marauder  
  76  8:09  SCV x2  
  76  8:11  Marine  
  81  8:19  Command Center  
  81  8:20  Marine  
  81  8:21  Marine, SCV  
  81  8:22  Armory, SCV  
  81  8:23  Medivac  
  87  8:29  Marauder  
  87  8:31  Marine  
  87  8:32  Marine  
  87  8:33  Medivac, SCV  
  87  8:34  SCV  
  95  8:37  Marine  
  96  8:50  Marauder  
  96  8:51  Marine x3  
  96  8:55  Marine  
  100  9:12  Marauder  
  102  9:24  Missile Turret  
  102  9:26  Missile Turret  
  102  9:28  Missile Turret  
  102  9:29  Missile Turret  
  96  9:39  Missile Turret  
  96  9:44  Orbital Command  
  96  9:46  Missile Turret  
  96  9:48  Missile Turret x2  
  96  9:49  Missile Turret  
  96  9:50  Missile Turret  
  95  9:57  SCV x2  
  97  10:09  SCV x2  
  97  10:10  Missile Turret  
  97  10:13  Marine x5  
  104  10:14  Medivac x2  
  108  10:29  Refinery, Terran Infantry Weapons Level 2  
  108  10:32  Supply Depot  
  108  10:33  Refinery, Supply Depot  
  108  10:34  Supply Depot  
  108  10:49  Missile Turret  
  105  10:50  Missile Turret  
  105  10:52  Missile Turret x2  
  101  10:58  Marine x4  
  101  10:59  Marine  
  101  11:00  Medivac x2  
  101  11:02  SCV x3  
  113  11:06  Missile Turret  
  113  11:09  Missile Turret  
  113  11:10  Missile Turret  
  113  11:12  Missile Turret x2  
  113  11:14  SCV x2  
  113  11:16  Marine x2  
  116  11:32  Marine x3  
  118  11:34  Marine x2  
  120  11:45  Missile Turret  
  120  11:47  Missile Turret  
  120  11:48  Missile Turret x2  
  120  11:49  Missile Turret  
  120  11:50  Missile Turret, Marine  
  120  11:52  Missile Turret  
  121  11:58  Marine x4  
  121  11:59  Medivac x2  
  129  12:07  Missile Turret x2, Marine  
  126  12:10  Missile Turret  
  86  12:38  Marine x4  
  86  12:39  Marine  
  86  12:41  Medivac x2  
  62  12:48  SCV x2  
  64  12:56  Marine x4  
  64  12:57  Marine  
  68  13:09  Barracks x2  
  68  13:10  Medivac, Barracks  
  68  13:12  Barracks  
  70  13:14  Marine x4  
  74  13:35  Supply Depot  
  74  13:46  Missile Turret  
  74  13:47  Missile Turret x2  
  74  13:48  Missile Turret  
  74  13:49  Missile Turret  
  74  14:03  Marine x3  
  74  14:05  Factory Reactor  
  74  14:06  Missile Turret  
  74  14:07  Barracks Reactor, Missile Turret x2  
  74  14:08  Barracks Reactor x3, Missile Turret  
  74  14:09  Missile Turret  
  77  14:10  Marine x2  
  79  14:21  Marine x3  
  61  14:37  Marine x2  
  35  14:38  Marine  
  35  14:39  Medivac x2, Marine x2  
  35  14:43  Marine x2  
  35  14:44  Marine x4  
  46  14:52  Marine x2  
Tags
 
Add a new tag
Caveats
  • Supply blocks, unpowered buildings, or Contaminate may cause inaccurate times.
  • Supply counts are checked every 10 seconds.